 Dungeon Crawl Stone Soup version 0.20-a0-947-g2784f4f (webtiles) character file.

1976 Hybris the Fighter (level 9, -1/100 HPs)
             Began as an Ogre Berserker on Apr 3, 2017.
             Was a Priest of Trog.
             Slain by a bullfrog (4 damage)
             ... on level 7 of the Dungeon.
             The game lasted 00:14:34 (10125 turns).

Hybris the Fighter (Ogre Berserker)                Turns: 10125, Time: 00:14:34

Health: -1/100     AC:  6    Str: 31    XL:     9   Next: 20%
Magic:  9/9        EV: 10    Int: 13    God:    Trog [***...]
Gold:   404        SH: 13    Dex: 13    Spells: 8/8 levels left

rFire    . . .     SeeInvis .   a - +1 mace
rCold    . . .     Gourm    .   v - +0 large shield
rNeg     . . .     Faith    .   s - +1 robe "Xuosmys" {Str+5}
rPois    .         Spirit   .   (helmet restricted)
rElec    .         Reflect  .   p - +1 cloak
rCorr    .         Harm     .   (gloves unavailable)
MR       .....                  (boots unavailable)
Stlth    ++........             (no amulet)
Regen    0.3/turn               (no ring)
MPRegen  0.2/turn               (no ring)

@: brilliant, agile, exhausted, flying, slowed, very slow
A: unfitting armour, tough skin 1
a: Berserk, Trog's Hand, Burn Spellbooks, Renounce Religion


You were on level 7 of the Dungeon.
You worshipped Trog.
Trog was most pleased with you.
You were not hungry.

You visited 1 branch of the dungeon, and saw 7 of its levels.

You collected 404 gold pieces.

Inventory:

Hand Weapons
 a - a +1 mace (weapon)
Armour
 b - a +0 animal skin
 p - a +1 cloak (worn)
 s - the +1 robe "Xuosmys" (worn) {Str+5}
   (You found it on level 6 of the Dungeon)

   It affects your strength (+5).
 v - a +0 large shield (worn)
Jewellery
 o - the amulet of Eviok {Inacc -Tele rF+ Int+4, unknown}
   (You found it on level 6 of the Dungeon)

   [amulet of inaccuracy]

   It reduces the accuracy of all your attacks.
   It affects your intelligence (+4).
   It protects you from fire.
   It prevents most forms of teleportation.
Wands
 e - a wand of flame (29/48)
Scrolls
 d - 2 scrolls of magic mapping
 f - 9 scrolls of identify
 g - 6 scrolls of remove curse
 h - a scroll of enchant weapon
 n - a scroll of fear
 w - 2 scrolls of teleportation
 x - a scroll of recharging {unknown}
Potions
 i - a potion of brilliance
 j - a potion of flight
 q - a potion of might
 r - a potion of heal wounds {unknown}
 t - a potion of agility
 u - a potion of curing {unknown}
Comestibles
 c - 6 bread rations
 k - 4 fruits
 l - 3 meat rations
 m - 5 royal jellies


   Skills:
 + Level 9.5 Fighting
 * Level 9.3 Maces & Flails
 - Level 2.6 Dodging


You had 8 spell levels left.
You didn't know any spells.

Dungeon Overview and Level Annotations

Branches:
Dungeon (7/15)             Temple (0/1) D:6

Altars:
Ashenzari
Cheibriados
Elyvilon
Makhleb
Trog
Uskayaw
Vehumet
Wu Jian
Xom
The Shining One


Innate Abilities, Weirdness & Mutations

You are too large for most types of armour.
You have tough skin. (AC +1)


Message History

You block the bullfrog's attack. The bullfrog hits you.
* * * LOW HITPOINT WARNING * * *
The bullfrog barely misses you. You block the bullfrog's attack.
You are no longer corroded.
The bullfrog hits you!
* * * LOW HITPOINT WARNING * * *
Okay, then.
It was a potion of brilliance.
You feel clever all of a sudden.
The bullfrog hits you but does no damage.
You block the bullfrog's attack.
It was a potion of agility.
You feel agile all of a sudden. The bullfrog hits you.
* * * LOW HITPOINT WARNING * * *
The bullfrog barely misses you. You block the bullfrog's attack.
You eat one of the 4 meat rations.
That meat ration really hit the spot!
The bullfrog hits you.
You die...

##...# #.##..... 8...8# 8...8
......#.###...## #...#
.......##...## #...#
#.....##...##
##...###.##....##8...8# .
#8...8#.......<.##...## ... ##
####...########..###.....
....#8###8##...##8###8#..# #.....
#............F@........###.####
#..........8...........(.......
........................(###.##.#
....#8###8##...##8###8#..###.##..
... ## ####...########.(....####
. #8...8##.##...(##### #
##...###.###...# # #...#
#.....).# ###### #...########..#
#.....


You could see a bullfrog.

Vanquished Creatures
  Pikel (D:6)
  Duvessa (D:4)
  2 slaves (D:6)
  A phantom (D:4)
  A centaur (D:7)
  Blork the orc (D:4)
  A bullfrog (D:6)
  Dowan (D:4)
  4 scorpions
  A howler monkey (D:5)
  2 crimson imps (D:6)
  A centaur zombie (D:4)
  A jelly (D:7)
  Crazy Yiuf (D:6)
  A centaur skeleton (D:4)
  2 hounds
  An orc wizard (D:3)
  2 bullfrog skeletons
  2 iguanas (D:4)
  6 worker ants
  A killer bee zombie (D:3)
  A howler monkey zombie (D:7)
  3 gnolls (D:2)
  9 adders
  A shadow imp (D:6)
  An adder zombie (D:5)
  2 adder skeletons
  5 worms
  3 dart slugs
  7 leopard geckos
  16 orcs
  7 bats
  4 giant cockroaches
  8 goblins
  8 hobgoblins
  11 jackals
  2 quokkas
  2 ball pythons
  4 frilled lizards
  A giant cockroach zombie (D:5)
  A jackal skeleton (D:5)
  11 kobolds
  A leopard gecko skeleton (D:5)
  9 rats
151 creatures vanquished.

Vanquished Creatures (others)
  A slave (D:6)
  A worker ant (D:6)
2 creatures vanquished.

Grand Total: 153 creatures vanquished

Notes
Turn   | Place    | Note
-------+----------+-------------------------------------------
     0 | D:1      | Hybris the Ogre Berserker began the quest for the Orb.
     0 | D:1      | Reached XP level 1. HP: 24/24 MP: 1/1
   317 | D:1      | Reached XP level 2. HP: 25/32 MP: 2/2
  1223 | D:1      | Reached XP level 3. HP: 35/40 MP: 3/3
  1679 | D:2      | Reached ** piety under Trog
  1878 | D:2      | Reached XP level 4. HP: 49/49 MP: 4/4
  1882 | D:2      | Reached skill level 5 in Fighting
  2407 | D:2      | Reached XP level 5. HP: 55/57 MP: 5/5
  3080 | D:3      | Reached skill level 5 in Maces & Flails
  3581 | D:3      | Found a bloodstained altar of Trog.
  3581 | D:3      | Found a radiant altar of Vehumet.
  3603 | D:3      | Found a white marble altar of Elyvilon.
  3604 | D:3      | Found an ornate altar of the Wu Jian Council.
  3711 | D:3      | Reached *** piety under Trog
  3860 | D:4      | Reached XP level 6. HP: 35/67 MP: 6/6
  4239 | D:4      | Noticed a phantom
  4268 | D:4      | Killed a phantom
  4791 | D:4      | Found a shimmering altar of Xom.
  4900 | D:4      | Noticed Blork the orc
  4909 | D:4      | Killed Blork the orc
  4909 | D:4      | Reached XP level 7. HP: 76/76 MP: 7/7
  5113 | D:4      | Noticed Duvessa
  5113 | D:4      | Noticed Dowan
  5125 | D:4      | Killed Duvessa
  5159 | D:4      | Killed Dowan
  6058 | D:4      | Found a snail-covered altar of Cheibriados.
  6301 | D:4      | Found a glowing golden altar of the Shining One.
  6339 | D:5      | Entered Level 5 of the Dungeon
  6872 | D:5      | Reached XP level 8. HP: 73/87 MP: 8/8
  7876 | D:5      | Found a burning altar of Makhleb.
  7984 | D:6      | Found a hide-covered altar of Uskayaw.
  8024 | D:6      | Got a clouded silver amulet
  8272 | D:6      | Found a runed door.
  8419 | D:6      | Noticed Pikel
  8454 | D:6      | Killed Pikel
  8841 | D:6      | Reached XP level 9. HP: 71/98 MP: 9/9
  9114 | D:6      | Got a warped robe
  9135 | D:6      | Identified the +1 robe "Xuosmys" {Str+5} (You found it on level 6 of the Dungeon)
  9303 | D:6      | Found a staircase to the Ecumenical Temple.
  9462 | D:6      | Noticed Crazy Yiuf
  9469 | D:6      | Killed Crazy Yiuf
 10028 | D:7      | Found a shattered altar of Ashenzari.
 10124 | D:7      | HP: 3/100 [bullfrog (4)]
 10125 | D:7      | Slain by a bullfrog

Vault maps used:
D:1:      minmay_arrival_cross
D:3:      chequers_temple_overflow_statue_of_worship
D:4:      tso_oasis_becter, cheibriados_altar_1, xom_teletrap_fun,
          uniq_blork_the_orc, uniq_duvessa
D:5:      lightli_temple_of_fire, first_bread, kennysheep_generic_room_5
D:6:      kennysheep_little_box, minmay_temple_entry_statues_fountains,
          uniq_crazy_yiuf_cottage, uniq_pikel
D:7:      overflow_temple_1_default, grunt_gozag_breadcrumbs, fedhas_altar_3,
          lemuel_coloured_pillars_altar, serial_corexii_hall,
          corexii_hall_statues_x, corexii_hall_statues_x

Skill      XL: |  1  2  3  4  5  6  7  8  9 |
---------------+----------------------------+-----
Maces & Flails | 3 4 5 6 7 8 9 |  9.3
Fighting       | 5 6 7 9 |  9.5
Dodging        | |  2.6

Action                   |  1- 3 |  4- 6 |  7- 9 || total
-------------------------+-------+-------+-------++-------
Melee: Mace              |   115 |   239 |   330 ||   684
Invok: Berserk           |     2 |     4 |     4 ||    10
       Trog's Hand       |       |     3 |     2 ||     5
       Burn Spellbooks   |       |       |     1 ||     1
  Use: Potion            |       |     1 |     5 ||     6
       Scroll            |       |     1 |    13 ||    14
 Stab: Sleeping          |     2 |       |     1 ||     3
  Eat: Chunk             |     4 |    10 |    16 ||    30
       Fruit             |       |     1 |     3 ||     4
       Bread ration      |       |     1 |       ||     1
       Meat ration       |       |       |     1 ||     1
Armor: Animal skin       |    62 |    78 |    66 ||   206
       Skin              |       |    14 |     6 ||    20
       Robe              |       |       |    14 ||    14
Dodge: Dodged            |    89 |   153 |   128 ||   370
Block: Large shield      |       |       |    59 ||    59
